TOP OF THE 1ST |
Philadelphia Athletics batting - Pitching for Jersey Shore D-Bags : RHP Tom Cunningham
|
Pitching: RHP Tom Cunningham
|
|
Batting: LHB John Peterson
|
0-0: Called Strike 0-1: Ground out 4-3 (Groundball, 4)
|
Batting: LHB Brian Boone
|
0-0: Fly out, F9 (Line Drive, 9)
|
Batting: RHB Tony Morton
|
0-0: Ball 1-0: Ball 2-0: SINGLE (Groundball, 56D)
|
Batting: RHB Alfredo Rivera
|
0-0: Called Strike 0-1: Ball 1-1: Ball 2-1: Foul Ball, location: 2F 2-2: Fly out, F8 (Flyball, 8LS)
|
Top of the 1st over - 0 runs, 1 hit, 0 errors, 1 left on base; Philadelphia 0 - Jersey Shore 0 |
BOTTOM OF THE 1ST |
Jersey Shore D-Bags batting - Pitching for Philadelphia Athletics : RHP Butch Ramey
|
Pitching: RHP Butch Ramey
|
|
Batting: LHB José Delgado
|
0-0: Called Strike 0-1: Called Strike 0-2: Foul Ball, location: 2F 0-2: Ground out 4-3 (Groundball, 4)
|
Batting: RHB Ricardo González
|
0-0: Ball 1-0: Ball 2-0: Ball 3-0: Base on Balls
|
Batting: LHB Dave Dodd
|
0-0: Foul Ball, location: 2F 0-1: Called Strike 0-2: Grounds into double play, 6-4-3 (Groundball, 6M)
|
Bottom of the 1st over - 0 runs, 0 hits, 0 errors, 0 left on base; Philadelphia 0 - Jersey Shore 0 |
TOP OF THE 2ND |
Philadelphia Athletics batting - Pitching for Jersey Shore D-Bags : RHP Tom Cunningham
|
Batting: LHB Carter Sweet
|
0-0: Called Strike 0-1: Ball 1-1: Ball 2-1: Ground out 4-3 (Groundball, 4)
|
Batting: RHB Valentín Borges
|
0-0: Ball 1-0: Foul Ball, location: 2F 1-1: Called Strike 1-2: Ball 2-2: Strikes out swinging
|
Batting: RHB César García
|
0-0: Foul Ball, location: 2F 0-1: SINGLE (Flyball, 89S)
|
Batting: RHB Miguel Encarnación
|
0-0: Ball César García steals 2nd base 1-0: Foul Ball, location: 2F 1-1: Fly out, F7 (Flyball, 7LS)
|
Top of the 2nd over - 0 runs, 1 hit, 0 errors, 1 left on base; Philadelphia 0 - Jersey Shore 0 |
BOTTOM OF THE 2ND |
Jersey Shore D-Bags batting - Pitching for Philadelphia Athletics : RHP Butch Ramey
|
Batting: RHB Miguel Serna
|
0-0: Foul Ball, location: 2F 0-1: Ground out 6-3 (Groundball, 6)
|
Batting: LHB António Cedeño
|
0-0: Ball 1-0: Swinging Strike 1-1: Foul Ball, location: 2F 1-2: Strikes out swinging
|
Batting: LHB Ray Bryant
|
0-0: Ball 1-0: Foul Ball, location: 2F 1-1: Called Strike 1-2: Foul Ball, location: 2F 1-2: Ball 2-2: Fly out, F8 (Flyball, 8LM)
|
Bottom of the 2nd over - 0 runs, 0 hits, 0 errors, 0 left on base; Philadelphia 0 - Jersey Shore 0 |
TOP OF THE 3RD |
Philadelphia Athletics batting - Pitching for Jersey Shore D-Bags : RHP Tom Cunningham
|
Batting: SHB Héctor Padilla
|
0-0: Ball 1-0: Ground out 3-1 (Groundball, 34)
|
Batting: LHB John Peterson
|
0-0: Fly out, F8 (Line Drive, 89M)
|
Now in CF: Mike Ingram
|
|
Batting: LHB Brian Boone
|
0-0: Ball 1-0: Foul Ball, location: 2F 1-1: Fly out, F3 (Line Drive, 3S)
|
Top of the 3rd over - 0 runs, 0 hits, 0 errors, 0 left on base; Philadelphia 0 - Jersey Shore 0 |
BOTTOM OF THE 3RD |
Jersey Shore D-Bags batting - Pitching for Philadelphia Athletics : RHP Butch Ramey
|
Batting: RHB Tyler Wagner
|
0-0: Called Strike 0-1: Ball 1-1: Fly out, F5 (Line Drive, 5S)
|
Batting: RHB Francisco Sandoval
|
0-0: Ground out U3 (Groundball, 3)
|
Batting: RHB Jason Erickson
|
0-0: Called Strike 0-1: Called Strike 0-2: Ball 1-2: SINGLE (Groundball, 56) (infield hit)
|
Batting: RHB Mike Ingram
|
0-0: Called Strike 0-1: Fielders Choice at 2nd, 6-4 (Groundball, 6)
|
Bottom of the 3rd over - 0 runs, 1 hit, 0 errors, 1 left on base; Philadelphia 0 - Jersey Shore 0 |
TOP OF THE 4TH |
Philadelphia Athletics batting - Pitching for Jersey Shore D-Bags : RHP Tom Cunningham
|
Batting: RHB Tony Morton
|
0-0: Foul Ball, location: 2F 0-1: Ball 1-1: Fly out, F5 (Line Drive, 5)
|
Batting: RHB Alfredo Rivera
|
0-0: Ball 1-0: Ball 2-0: Foul Ball, location: 2F 2-1: Foul Ball, location: 2F 2-2: Foul Ball, location: 2F 2-2: Foul Ball, location: 2F 2-2: Ball 3-2: SINGLE (Flyball, 89S)
|
Batting: LHB Carter Sweet
|
0-0: Ball Alfredo Rivera steals 2nd base 1-0: Ball 2-0: Ball 3-0: Base on Balls
|
Batting: RHB Valentín Borges
|
0-0: Called Strike 0-1: Ball Alfredo Rivera steals 3rd base 1-1: Called Strike 1-2: Strikes out swinging
|
Batting: RHB César García
|
0-0: Ball 1-0: Foul Ball, location: 2F 1-1: Ball 2-1: Swinging Strike 2-2: Ball 3-2: SINGLE (Groundball, 4MD) Alfredo Rivera scores Carter Sweet to second Carter Sweet to third
|
Batting: RHB Miguel Encarnación
|
0-0: Ball 1-0: Ball 2-0: Called Strike Pickoff Throw by Catcher to First - Error! E2 Carter Sweet scores César García to second 2-1: DOUBLE (Line Drive, 89D) César García scores
|
Batting: SHB Héctor Padilla
|
0-0: Ball 1-0: Swinging Strike 1-1: Called Strike 1-2: Ball 2-2: Ball 3-2: Base on Balls
|
Batting: LHB John Peterson
|
0-0: Foul Ball, location: 2F 0-1: Ball 1-1: Ground out 4-3 (Groundball, 4S)
|
Top of the 4th over - 3 runs, 3 hits, 1 error, 2 left on base; Philadelphia 3 - Jersey Shore 0 |
BOTTOM OF THE 4TH |
Jersey Shore D-Bags batting - Pitching for Philadelphia Athletics : RHP Butch Ramey
|
Batting: RHB Ricardo González
|
0-0: Foul Ball, location: 2F 0-1: Called Strike 0-2: Ball 1-2: Ground out U3 (Groundball, 34)
|
Batting: LHB Dave Dodd
|
0-0: Swinging Strike 0-1: Ground out 6-3 (Groundball, 6M)
|
Batting: RHB Miguel Serna
|
0-0: Foul Ball, location: 2F 0-1: Ball 1-1: Fly out, F5 (Popup, 56S)
|
Bottom of the 4th over - 0 runs, 0 hits, 0 errors, 0 left on base; Philadelphia 3 - Jersey Shore 0 |
TOP OF THE 5TH |
Philadelphia Athletics batting - Pitching for Jersey Shore D-Bags : RHP Tom Cunningham
|
Batting: LHB Brian Boone
|
0-0: Swinging Strike 0-1: Called Strike 0-2: Ball 1-2: Ball 2-2: Ground out 5-3 (Groundball, 5L)
|
Batting: RHB Tony Morton
|
0-0: Foul Ball, location: 2F 0-1: Ball 1-1: Foul Ball, location: 2F 1-2: Ball 2-2: Ball 3-2: Strikes out swinging
|
Batting: RHB Alfredo Rivera
|
0-0: Ground out 6-3 (Groundball, 6)
|
Top of the 5th over - 0 runs, 0 hits, 0 errors, 0 left on base; Philadelphia 3 - Jersey Shore 0 |
BOTTOM OF THE 5TH |
Jersey Shore D-Bags batting - Pitching for Philadelphia Athletics : RHP Butch Ramey
|
Batting: LHB António Cedeño
|
0-0: Ball 1-0: Ball 2-0: Ball 3-0: Base on Balls
|
Batting: LHB Ray Bryant
|
0-0: Called Strike 0-1: Ball 1-1: Ball 2-1: Ball 3-1: Called Strike 3-2: SINGLE (Groundball, 4MD) António Cedeño to second
|
Batting: RHB Tyler Wagner
|
0-0: Ball 1-0: Called Strike 1-1: SINGLE (Groundball, 56D) António Cedeño to third Ray Bryant to second
|
Batting: RHB Francisco Sandoval
|
0-0: Ball 1-0: Fly out, F9 (Flyball, 9)
|
Batting: RHB Jason Erickson
|
0-0: Ball 1-0: Foul Ball, location: 2F 1-1: Grounds into fielders choice 6-2 (Groundball, 6) Ray Bryant to third Tyler Wagner to second
|
Batting: RHB Mike Ingram
|
0-0: Ball 1-0: Ball 2-0: Ball 3-0: Called Strike 3-1: Base on Balls Ray Bryant scores Tyler Wagner to third Jason Erickson to second
|
Batting: RHB Ricardo González
|
0-0: Called Strike 0-1: Ball 1-1: Fly out, F9 (Flyball, 9LMF)
|
Bottom of the 5th over - 1 run, 2 hits, 0 errors, 3 left on base; Philadelphia 3 - Jersey Shore 1 |
TOP OF THE 6TH |
Philadelphia Athletics batting - Pitching for Jersey Shore D-Bags : RHP Tom Cunningham
|
Pitching: RHP Iván Maldonado
|
|
Batting: LHB Carter Sweet
|
0-0: Ball 1-0: Swinging Strike 1-1: Ball 2-1: Swinging Strike 2-2: Strikes out swinging
|
Batting: RHB Valentín Borges
|
0-0: Ball 1-0: Called Strike 1-1: Ball 2-1: Foul Ball, location: 2F 2-2: Foul Ball, location: 2F 2-2: DOUBLE (Flyball, 89D)
|
Batting: RHB César García
|
0-0: Ball 1-0: SINGLE (Flyball, 9LS) Valentín Borges to third
|
Batting: RHB Miguel Encarnación
|
0-0: Foul Ball, location: 2F 0-1: Ball 1-1: Called Strike César García steals 2nd base 1-2: Ball 2-2: Ball 3-2: Strikes out looking
|
Batting: SHB Héctor Padilla
|
0-0: Ball 1-0: Called Strike 1-1: Foul Ball, location: 2F 1-2: 3-RUN HOME RUN (Flyball, 9LD), Distance : 354 ft
|
Batting: LHB John Peterson
|
0-0: Foul Ball, location: 2F 0-1: Swinging Strike 0-2: Ball 1-2: Strikes out looking
|
Top of the 6th over - 3 runs, 3 hits, 0 errors, 0 left on base; Philadelphia 6 - Jersey Shore 1 |
BOTTOM OF THE 6TH |
Jersey Shore D-Bags batting - Pitching for Philadelphia Athletics : RHP Butch Ramey
|
Batting: LHB Dave Dodd
|
0-0: Foul Ball, location: 2F 0-1: Called Strike 0-2: Ground out 6-3 (Groundball, 6)
|
Batting: RHB Miguel Serna
|
0-0: Called Strike 0-1: Ground out 6-3 (Groundball, 6)
|
Batting: LHB António Cedeño
|
0-0: Fly out, F9 (Line Drive, 9)
|
Bottom of the 6th over - 0 runs, 0 hits, 0 errors, 0 left on base; Philadelphia 6 - Jersey Shore 1 |
TOP OF THE 7TH |
Philadelphia Athletics batting - Pitching for Jersey Shore D-Bags : RHP Iván Maldonado
|
Batting: LHB Brian Boone
|
0-0: Called Strike 0-1: Ball 1-1: Called Strike 1-2: Ball 2-2: SINGLE (Groundball, 23) (infield hit)
|
Batting: RHB Tony Morton
|
0-0: Ball 1-0: Fly out, F9 (Flyball, 9)
|
Batting: RHB Alfredo Rivera
|
0-0: Called Strike 0-1: Fly out, F9 (Flyball, 9LD)
|
Batting: LHB Carter Sweet
|
0-0: Ball Brian Boone steals 2nd base 1-0: Called Strike 1-1: Ball 2-1: Foul Ball, location: 2F 2-2: Ball 3-2: DOUBLE (Groundball, 3L) Brian Boone scores
|
Pitching: RHP Alex Stanford
|
|
Batting: RHB Valentín Borges
|
0-0: DOUBLE (Flyball, 89D) Carter Sweet scores
|
Batting: RHB César García
|
0-0: Ball 1-0: Ball Wild Pitch! Valentín Borges to third 2-0: SINGLE (Groundball, 4MD) Valentín Borges scores
|
Batting: RHB Miguel Encarnación
|
0-0: Ball César García steals 2nd base 1-0: Swinging Strike 1-1: Ball 2-1: Ball 3-1: Fly out, F9 (Flyball, 9S)
|
Top of the 7th over - 3 runs, 4 hits, 0 errors, 1 left on base; Philadelphia 9 - Jersey Shore 1 |
BOTTOM OF THE 7TH |
Jersey Shore D-Bags batting - Pitching for Philadelphia Athletics : RHP Butch Ramey
|
Now at C: Arturo Molina
|
|
Batting: LHB Ray Bryant
|
0-0: Ball 1-0: Swinging Strike 1-1: Fly out, F7 (Flyball, 78S)
|
Batting: RHB Tyler Wagner
|
0-0: Called Strike 0-1: Ball 1-1: SINGLE (Line Drive, 9S)
|
Batting: RHB Francisco Sandoval
|
0-0: Called Strike 0-1: Ball 1-1: Ball 2-1: Ball 3-1: Called Strike 3-2: Foul Ball, location: 2F 3-2: Foul Ball, location: 2F 3-2: Fly out, F9 (Flyball, 9)
|
Batting: RHB Jason Erickson
|
0-0: Foul Ball, location: 2F 0-1: SINGLE (Line Drive, 3D) Tyler Wagner to second Runner from 2nd tries for 3rd, SAFE, no throw
|
Batting: RHB Mike Ingram
|
0-0: Ball 1-0: Ball 2-0: Ground out 3-1 (Groundball, 34S)
|
Bottom of the 7th over - 0 runs, 2 hits, 0 errors, 2 left on base; Philadelphia 9 - Jersey Shore 1 |
TOP OF THE 8TH |
Philadelphia Athletics batting - Pitching for Jersey Shore D-Bags : RHP Alex Stanford
|
Batting: SHB Héctor Padilla
|
0-0: Swinging Strike 0-1: Ground out 4-3 (Groundball, 4)
|
Batting: LHB John Peterson
|
0-0: Called Strike 0-1: Called Strike 0-2: Ball 1-2: Foul Ball, location: 2F 1-2: Foul Ball, location: 2F 1-2: Ball 2-2: Ball 3-2: Base on Balls
|
Batting: LHB Brian Boone
|
0-0: Ball 1-0: SINGLE (Line Drive, 89S) John Peterson to second
|
Batting: RHB Tony Morton
|
0-0: Ball 1-0: Ball 2-0: SINGLE (Groundball, 34D) John Peterson to third Brian Boone to second Runner from 3rd tries for Home, SAFE, no throw
|
Batting: RHB Alfredo Rivera
|
0-0: Ball 1-0: Fly out, F8 (Flyball, 8RM)
|
Batting: LHB Carter Sweet
|
0-0: Called Strike 0-1: Called Strike 0-2: Foul Ball, location: 2F 0-2: Foul Ball, location: 2F 0-2: Strikes out swinging
|
Top of the 8th over - 1 run, 2 hits, 0 errors, 2 left on base; Philadelphia 10 - Jersey Shore 1 |
BOTTOM OF THE 8TH |
Jersey Shore D-Bags batting - Pitching for Philadelphia Athletics : RHP Butch Ramey
|
Batting: RHB Ricardo González
|
0-0: Foul Ball, location: 2F 0-1: Called Strike 0-2: Fly out, F7 (Flyball, 7S)
|
Batting: LHB Dave Dodd
|
0-0: SINGLE (Line Drive, 56)
|
Batting: RHB Miguel Serna
|
0-0: Called Strike 0-1: SINGLE (Groundball, 25) (infield hit) Dave Dodd to second
|
Batting: LHB António Cedeño
|
0-0: Foul Ball, location: 2F 0-1: Foul Ball, location: 2F 0-2: Strikes out swinging
|
Pitching: RHP George Nelson
|
|
Batting: LHB Ray Bryant
|
0-0: Called Strike 0-1: Ball 1-1: Swinging Strike 1-2: Ball 2-2: Fly out, F8 (Flyball, 8RD)
|
Bottom of the 8th over - 0 runs, 2 hits, 0 errors, 2 left on base; Philadelphia 10 - Jersey Shore 1 |
TOP OF THE 9TH |
Philadelphia Athletics batting - Pitching for Jersey Shore D-Bags : RHP Alex Stanford
|
Batting: LHB Arturo Molina
|
0-0: Called Strike 0-1: SINGLE (Flyball, 89S)
|
Batting: RHB César García
|
0-0: Ball 1-0: SINGLE (Line Drive, 7S) Arturo Molina to second
|
Pitching: RHP Howard Joyce
|
|
Batting: RHB Miguel Encarnación
|
0-0: Ball 1-0: Swinging Strike 1-1: Foul Ball, location: 2F 1-2: Strikes out swinging
|
Batting: SHB Héctor Padilla
|
0-0: Foul Ball, location: 2F 0-1: Swinging Strike 0-2: Fly out, F9 (Flyball, 9LD)
|
Batting: LHB John Peterson
|
0-0: Swinging Strike 0-1: Ball 1-1: Ball 2-1: Foul Ball, location: 2F 2-2: Ball 3-2: Foul Ball, location: 2F 3-2: SINGLE (Groundball, 3S) (infield hit) Arturo Molina to third César García to second
|
Batting: LHB Brian Boone
|
0-0: Swinging Strike 0-1: Foul Ball, location: 2F 0-2: SINGLE (Flyball, 7LS) Arturo Molina scores César García to third John Peterson to second Runner from 3rd tries for Home, throw and OUT!
|
Top of the 9th over - 1 run, 4 hits, 0 errors, 2 left on base; Philadelphia 11 - Jersey Shore 1 |
BOTTOM OF THE 9TH |
Jersey Shore D-Bags batting - Pitching for Philadelphia Athletics : RHP George Nelson
|
Batting: RHB Tyler Wagner
|
0-0: Ball 1-0: Ball 2-0: Ball 3-0: Called Strike 3-1: Base on Balls
|
Batting: RHB Francisco Sandoval
|
0-0: Ball 1-0: Called Strike 1-1: Foul Ball, location: 2F 1-2: Strikes out swinging
|
Batting: RHB Jason Erickson
|
0-0: Called Strike 0-1: Ball 1-1: Called Strike 1-2: Grounds into double play, 6-4-3 (Groundball, 6)
|
Bottom of the 9th over - 0 runs, 0 hits, 0 errors, 0 left on base; Philadelphia 11 - Jersey Shore 1 |
|